 Dungeon Crawl Stone Soup version 0.27.1-33-g824d729ab1 (webtiles) character file.

Game seed: 8103846964189374411

633 belegose the Skirmisher (level 7, -7/114 HPs)
             Began as an Ogre Berserker on Dec 25, 2021.
             Was a Priest of Trog.
             Mangled by Eustachio (10 damage)
             ... on level 4 of the Dungeon.
             The game lasted 00:05:17 (3587 turns).

belegose the Skirmisher (Ogre Berserker)            Turns: 3587, Time: 00:05:17

Health: -7/114     AC:  3    Str: 23    XL:     7   Next: 49%
Magic:  7/7        EV: 10    Int:  9    God:    Trog [***...]
Gold:   99         SH:  0    Dex:  8    Spells: 6/6 levels left

rFire    . . .     SeeInvis .   i - +0 trident (freeze)
rCold    . . .     Faith    .   (no shield)
rNeg     . . .     Spirit   .   b - +0 animal skin
rPois    .         Reflect  .   (helmet restricted)
rElec    .         Harm     .   (no cloak)
rCorr    .         Rampage  .   (gloves unavailable)
Will     .....                  (boots unavailable)
Stlth    ..........             (no amulet)
HPRegen  0.29/turn              (no ring)
MPRegen  0.10/turn              (no ring)

@: berserking, very quick
A: large, unfitting armour, tough skin 1
a: Renounce Religion, Berserk, Trog's Hand


You were on level 4 of the Dungeon.
You worshipped Trog.
Trog was most pleased with you.
You visited 1 branch of the dungeon, and saw 4 of its levels.

You collected 99 gold pieces.

Inventory:

Hand Weapons
 i - a +0 trident of freezing (weapon)
Missiles
 d - 64 stones (quivered)
Armour
 b - a +0 animal skin (worn)
Jewellery
 h - a +4 ring of slaying
Wands
 o - a wand of paralysis (9)
Scrolls
 a - a scroll of silence {unknown}
 e - 2 scrolls of magic mapping {unknown}
 f - 4 scrolls of identify {unknown}
 g - 2 scrolls of teleportation {unknown}
 j - a scroll of torment {unknown}
 m - a scroll of amnesia {unknown}
 p - a scroll of noise {unknown}
Potions
 c - a potion of resistance {unknown}
 k - a potion of flight {unknown}
 l - 2 potions of brilliance {unknown}
 n - a potion of degeneration {unknown}
 q - a potion of ambrosia {unknown}


   Skills:
 + Level 6.3 Fighting
 + Level 4.8 Polearms
 + Level 3.3 Throwing
 - Level 1.4 Armour
 - Level 3.3 Dodging
 + Level 2.3 Evocations


You had 6 spell levels left.
You didn't know any spells.
Your spell library was empty.

Dungeon Overview and Level Annotations

Branches:
Dungeon (4/15)             Temple (0/1) D:4

Altars:

Annotations:
D:4 Eustachio


Innate Abilities, Weirdness & Mutations

You are too large for most types of armour.
You have tough skin. (AC +1)


Message History

* * * LOW HITPOINT WARNING * * *
Pikel freezes you.
* * * LOW HITPOINT WARNING * * *
You puncture Pikel! You freeze Pikel.
You feel the power of Trog in you as your rage grows.
You kill Pikel!
Trog accepts your kill.
With Pikel's spell broken, his former minions thank you for their freedom.
The lemure departs this earthly plane. x4; The kobold hits you with a +0 whip.
* * * LOW HITPOINT WARNING * * *
Your Fighting skill increases to level 6!
Your Polearms skill increases to level 4!
Your Throwing skill increases to level 3!
Your Evocations skill gained 2 levels and is now at level 2!
You have reached level 6!
Your experience leads to an increase in your attributes!
Increase (S)trength, (I)ntelligence, or (D)exterity?
You feel clever.
You feel stronger.
You have reached level 7!
You puncture the kobold! You freeze the kobold.
You kill the kobold!
Trog accepts your kill. The bat closely misses you.
You are too injured to fight recklessly!
Reach: i) +0 trident (freeze)
Press: ? - help, Dir - move target, f - Eustachio
Aim: Eustachio, wielding a +0 rapier and wearing a +0 leather armour (black smoke, about 52% to evade your +0 trident of freezing)
You reach to attack!
You closely miss Eustachio. The bat closely misses you.
Unknown command.
You are too berserk!
Okay, then.
You miss Eustachio. The bat closely misses you.
Unknown command.
You barely miss Eustachio. The bat barely misses you.
Eustachio casts a spell.
Unknown command.
You puncture Eustachio! You freeze Eustachio.
Eustachio is heavily wounded.
The bat hits you but does no damage. Eustachio hits you with a +0 rapier!
You die...

.....##.........###..†..##
..≈..#...#.....#####...##
.....####..#.#.#...##'#######
.....# #..#.#.#.#...........
#########....#...#K5b........
##........######5#...b.......
#.#####.<....#...####5#######
.######......#.#@# .5.#
††....#..###.#.#@# ..?..#
...##........§.§b#.b.@...
..........#.#§#..#...b...#
..<####..........#.../...#
........#.#.#.#..##.....##
....#####.#.......## ###.#
#.###......# #.# #.# ##.#.#.#
#.# #.# #.#.#.#


You could see Eustachio, a white imp (summoned) and a bat (summoned).

Vanquished Creatures
  Pikel (D:4)
  A hound (D:4)
  Terence (D:3)
  5 adders
  An ufetubus (D:4)
  An adder skeleton (D:4)
  A worm (D:4)
  4 dart slugs
  9 orcs
  4 ball pythons
  6 bats
  4 endoplasms
  6 giant cockroaches
  2 goblins (D:2)
  7 hobgoblins
  4 jackals (D:3)
  2 quokkas (D:1)
  7 frilled lizards
  10 kobolds
  6 rats
82 creatures vanquished.

Notes
Turn   | Place    | Note
-------+----------+-------------------------------------------
     0 | D:1      | belegose the Ogre Berserker began the quest for the Orb.
     0 | D:1      | Reached XP level 1. HP: 24/24 MP: 1/1
   155 | D:1      | Reached XP level 2. HP: 25/32 MP: 2/2
   641 | D:1      | Found a faded altar of an unknown god.
   786 | D:1      | Reached ** piety under Trog
   787 | D:1      | Reached XP level 3. HP: 30/40 MP: 3/3
  1284 | D:2      | Reached skill level 1 in Armour
  1440 | D:2      | Reached XP level 4. HP: 49/49 MP: 4/4
  1636 | D:2      | Reached skill level 1 in Throwing
  2139 | D:3      | Reached *** piety under Trog
  2154 | D:3      | Noticed Terence
  2165 | D:3      | Killed Terence
  2166 | D:3      | Reached XP level 5. HP: 23/55 MP: 5/5
  3014 | D:4      | Found a staircase to the Ecumenical Temple.
  3031 | D:4      | Reached skill level 5 in Fighting
  3563 | D:4      | Noticed Pikel
  3563 | D:4      | Noticed a lemure
  3563 | D:4      | Noticed a lemure
  3563 | D:4      | Noticed a lemure
  3563 | D:4      | Noticed a lemure
  3563 | D:4      | Noticed Eustachio
  3581 | D:4      | HP: 3/85 [Pikel (5)]
  3582 | D:4      | Killed Pikel
  3582 | D:4      | HP: 1/85 [kobold (2)]
  3583 | D:4      | Reached skill level 6 in Fighting
  3583 | D:4      | Reached XP level 6. HP: 2/68 MP: 6/6
  3583 | D:4      | Reached XP level 7. HP: 2/76 MP: 7/7
  3587 | D:4      | Mangled by Eustachio

Illustrated notes

Levels and vault maps discovered:
D:1:      dpeg_arrival_three_bigger_balls, layout_loops_ring,
          hellmonk_ecumenical_altar_prayer_group
D:2:      layout_rooms, wad_orctagon
D:3:      layout_basic, kennysheep_nub, hangedman_decor_points, uniq_terence
D:4:      kennysheep_six_static_rooms, layout_loops_ring,
          minmay_temple_entry_grid, serial_shops, kennysheep_little_box,
          kennysheep_pointless_box, hex_large, uniq_pikel, uniq_eustachio

Skill      XL: |  1  2  3  4  5 |
---------------+----------------+-----
Dodging        | 3 |  3.3
Armour         | 1 |  1.4
Throwing       | 1 3 |  3.3
Fighting       | 6 |  6.3
Polearms       | 4 |  4.8
Evocations     | 2 |  2.3

Action                   |  1- 3 |  4- 6 |  7- 9 || total
-------------------------+-------+-------+-------++-------
Melee: Spear             |    90 |       |       ||    90
       Trident           |    18 |   154 |     5 ||   177
Invok: Berserk           |       |     2 |       ||     2
 Stab: Sleeping          |       |     1 |       ||     1
Armor: Animal skin       |    25 |    30 |     1 ||    56
Dodge: Dodged            |    53 |    82 |     4 ||   139
